 Dungeon Crawl Stone Soup version 0.20.0-10-g0535bb4 (webtiles) character file.

2485 tryptr the Cleaver (level 9, -2/121 HPs)
             Began as a Minotaur Berserker on June 4, 2017.
             Was a Priest of Trog.
             Slain by a hornet (8 damage)
             ... on level 8 of the Dungeon.
             The game lasted 00:11:27 (7074 turns).

tryptr the Cleaver (Minotaur Berserker)             Turns: 7074, Time: 00:11:28

Health: -2/121     AC: 13    Str: 30    XL:     9   Next: 27%
Magic:  8/8        EV: 11    Int:  4    God:    Trog [***...]
Gold:   462        SH:  0    Dex: 10    Spells: 8/8 levels left

rFire    . . .     SeeInvis .   a - +0 hand axe
rCold    . . .     Gourm    .   (no shield)
rNeg     . . .     Faith    .   q - +0 shadow dragon scales
rPois    .         Spirit   .   (helmet restricted)
rElec    .         Reflect  .   e - scarf {cloud immunity}
rCorr    .         Harm     .   (no gloves)
MR       .....                  (no boots)
Stlth    ..........             (no amulet)
Regen    0.3/turn               (no ring)
MPRegen  0.2/turn               (no ring)

@: berserking (expiring), lethally poisoned (-2 -> -15), slowed
A: retaliatory headbutt, horns 2
a: Berserk, Trog's Hand, Burn Spellbooks, Renounce Religion


You were on level 8 of the Dungeon.
You worshipped Trog.
Trog was most pleased with you.
You were very hungry.

You visited 1 branch of the dungeon, and saw 8 of its levels.

You collected 462 gold pieces.

Inventory:

Hand Weapons
 a - a +0 hand axe (weapon)
Armour
 e - a scarf of cloud immunity (worn)
   (You found it on level 1 of the Dungeon)
 q - +0 shadow dragon scales (worn)
   (You found it on level 5 of the Dungeon)
Jewellery
 u - an uncursed ring of protection from fire {unknown}
   (You took it off an orc wizard on level 5 of the Dungeon)
Wands
 b - a wand of paralysis (19/24)
   (You found it on level 5 of the Dungeon)
 t - a wand of lightning (8/15)
   (You found it on level 4 of the Dungeon)
 v - a wand of disintegration (14/24)
   (You found it on level 6 of the Dungeon)
 x - a wand of flame (12/48)
   (You found it on level 5 of the Dungeon)
 B - a wand of random effects (35/48)
   (You found it on level 8 of the Dungeon)
Scrolls
 d - 4 scrolls of teleportation {unknown}
 f - 10 scrolls of identify {unknown}
 j - 4 scrolls of remove curse {unknown}
 k - 3 scrolls of fog {unknown}
 n - a scroll of amnesia {unknown}
 o - 4 scrolls of magic mapping {unknown}
 p - 2 scrolls of recharging {unknown}
 s - a scroll of fear {unknown}
 y - a scroll of enchant weapon {unknown}
 F - a scroll of immolation {unknown}
Potions
 g - 6 potions of curing
 i - 2 potions of lignification {unknown}
 l - 2 potions of brilliance {unknown}
 m - a potion of ambrosia {unknown}
 r - 4 potions of mutation {unknown}
 w - 2 potions of heal wounds {unknown}
 A - a potion of flight {unknown}
 C - a potion of haste {unknown}
 D - a potion of invisibility {unknown}
 E - a potion of might {unknown}
 H - a potion of agility {unknown}
Books
 G - a book of Flames
   (You found it on level 8 of the Dungeon)
Comestibles
 c - 4 bread rations {@e1}
 h - 4 royal jellies
 z - 2 meat rations {@e2}


   Skills:
 + Level 7.8 Fighting
 * Level 9.7 Axes
 + Level 7.4 Armour
 + Level 6.7 Dodging


You had 8 spell levels left.
You didn't know any spells.

Dungeon Overview and Level Annotations

Branches:
Dungeon (8/15)             Temple (0/1) D:5
   Lair: D:8-11

Altars:
Makhleb

Shops:
D:8 (


Innate Abilities, Weirdness & Mutations

You reflexively headbutt those who attack you in melee.
You have a pair of horns on your head.


Message History

You closely miss the hornet. You hit the hippogriff. The hornet stings you.
You feel as though you will be slow longer.
The hippogriff bites you but does no damage.
The hippogriff barely misses you.
The hippogriff claws you but does no damage.
The hornet closely misses you. You furiously retaliate!
You headbutt the hornet! The hornet stings you.
You are more poisoned.
You feel as though you will be slow longer.
A soldier ant comes into view.
You take 11 damage, and have 64/118 hp.
You are too injured to fight recklessly!
You are too injured to fight recklessly!
Unknown command.
You are too injured to fight recklessly!
You slash the hippogriff! Your headbutt misses the hippogriff.
You barely miss the hornet. You hit the hornet.
You feel sick. The hornet barely misses you. The hippogriff bites you.
The hippogriff pecks you but does no damage.
The hippogriff barely misses you.
The hornet stings you but does no damage.
You take 6 damage, and have 58/118 hp.
You completely miss the hippogriff. Your headbutt misses the hippogriff.
You closely miss the hornet. You barely miss the hornet.
The sentinel's mark upon you fades away.
You feel sick.
The hornet stings you but does no damage.
The hornet barely misses you.
The hippogriff bites you but does no damage.
The hippogriff pecks you.
The hippogriff claws you but does no damage.
You take 1 damage, and have 57/118 hp.
You slash the hippogriff!
You closely miss the hornet. x2; You feel sick.
The hornet stings you.
You feel as though you will be slow longer.
The hornet stings you but does no damage.
The hippogriff bites you but does no damage.
The hippogriff pecks you but does no damage.
The hippogriff claws you but does no damage.
The hornet stings you but does no damage.
You take 5 damage, and have 52/118 hp.
You closely miss the hornet. You headbutt the hornet!
You closely miss the hornet. You hit the hippogriff.
You feel sick. The hornet stings you.
You suddenly lose the ability to move!
The hornet stings you.
You are more poisoned.
You feel as though you will be slow longer.
The hornet stings you but does no damage.
You feel sick. The hippogriff bites you. The hippogriff pecks you.
* * * LOW HITPOINT WARNING * * *
The hippogriff claws you.
* * * LOW HITPOINT WARNING * * *
The hornet stings you!
* * * LOW HITPOINT WARNING * * *
You feel as though you will be slow longer.
The hornet stings you but does no damage.
The shadow slips into darkness.
The shadow flickers and vanishes!
Deactivating autopickup; reactivate with Ctrl-A.
You feel sick. The hornet stings you.
* * * LOW HITPOINT WARNING * * *
You feel as though you will be slow longer.
The hornet stings you but does no damage.
The hippogriff bites you but does no damage.
The hippogriff pecks you but does no damage.
The hippogriff claws you but does no damage.
The hornet stings you but does no damage.
The hornet stings you.
* * * LOW HITPOINT WARNING * * *
You shrug off the repeated paralysis!
* * * LOW HITPOINT WARNING * * *
You feel sick.
The hippogriff bites you but does no damage.
The hippogriff pecks you but does no damage.
The hippogriff claws you but does no damage.
The hornet stings you but does no damage. x2
You can move again.
You take 44 damage, and have 8/118 hp.
MASSIVE DAMAGE!!
Your shadow dragon scales prevents you from hitting the hippogriff.
You headbutt the hippogriff! You miss the hornet.
You completely miss the hornet.
* * * LOW HITPOINT WARNING * * *
You feel sick. The hornet closely misses you. x2
The hippogriff barely misses you. You furiously retaliate!
You headbutt the hippogriff!
You kill the hippogriff!
Trog accepts your kill. The hornet barely misses you.
You take 2 damage, and have 6/120 hp.
Unknown command.
You slash the hornet!
You kill the hornet!
Trog accepts your kill.
You hit the hornet. You slash the worker ant!
* * * LOW HITPOINT WARNING * * *
You feel sick.
The worker ant bites you but does no damage.
The hornet stings you!
You die...

#..........
#..........
#..........
#..........
#........#
#........# ..#
##...)!...#...#
#...@####.#...#
#..yaa..#.#...#
#...{.........##.
#.................
#.................
#.....#..>........
#.....#.#..#......
#.....#....#......
#.....####.#......


You could see a soldier ant, a hornet and a worker ant.

Vanquished Creatures
  A hornet (D:8)
  A hippogriff (D:8)
  A water moccasin (D:6)
  2 orc warriors (D:7)
  A sky beast (D:5)
  2 centaurs
  A bullfrog (D:7)
  3 scorpions
  3 howler monkeys
  13 wights
  3 crimson imps
  A hound (D:4)
  5 orc wizards
  A bullfrog skeleton (D:8)
  2 iguanas (D:4)
  5 worker ants
  A hound zombie (D:8)
  2 hound skeletons
  A worker ant zombie (D:8)
  5 adders
  3 gnolls (D:3)
  A howler monkey skeleton (D:6)
  A shadow imp (D:7)
  An ooze (D:1)
  An adder skeleton (D:6)
  An adder zombie (D:5)
  A worm (D:4)
  4 leopard geckos
  7 orcs
  2 bats (D:1)
  8 giant cockroaches
  4 goblins
  6 hobgoblins
  13 jackals
  2 quokkas
  A ball python (D:5)
  2 frilled lizards (D:1)
  A jackal skeleton (D:4)
  8 kobolds
  A leopard gecko zombie (D:5)
  10 rats
132 creatures vanquished.

Notes
Turn   | Place    | Note
-------+----------+-------------------------------------------
     0 | D:1      | tryptr the Minotaur Berserker began the quest for the Orb.
     0 | D:1      | Reached XP level 1. HP: 19/19 MP: 0/0
   423 | D:1      | HP: 5/20 [poisoned by a goblin]
   583 | D:1      | Reached XP level 2. HP: 25/27 MP: 1/1
   742 | D:1      | Reached skill level 4 in Fighting
  1056 | D:2      | Reached XP level 3. HP: 28/33 MP: 2/2
  1655 | D:2      | Reached skill level 4 in Axes
  1655 | D:2      | Reached skill level 3 in Armour
  1655 | D:2      | Reached skill level 3 in Dodging
  1870 | D:3      | Reached XP level 4. HP: 35/40 MP: 3/3
  2189 | D:3      | Reached ** piety under Trog
  2718 | D:4      | Reached XP level 5. HP: 25/47 MP: 4/4
  3018 | D:4      | HP: 11/47 [poisoned by an adder]
  3025 | D:4      | HP: 10/47 [poisoned by an adder]
  3033 | D:4      | HP: 9/47 [poisoned by an adder]
  3108 | D:4      | HP: 7/47 [scorpion (6)]
  3111 | D:4      | Reached skill level 5 in Fighting
  3111 | D:4      | Reached skill level 4 in Armour
  3111 | D:4      | Reached skill level 4 in Dodging
  3114 | D:4      | HP: 5/72 [poisoned by a scorpion]
  3120 | D:4      | HP: 3/48 [poisoned by a scorpion]
  3125 | D:4      | HP: 2/48 [poisoned by a scorpion]
  3372 | D:4      | Reached skill level 5 in Axes
  3465 | D:4      | Reached XP level 6. HP: 56/56 MP: 5/5
  3844 | D:5      | Entered Level 5 of the Dungeon
  3908 | D:5      | HP: 14/56 [poisoned by a worker ant]
  3913 | D:5      | HP: 11/56 [poisoned by a worker ant]
  3918 | D:5      | HP: 9/56 [poisoned by a worker ant]
  3923 | D:5      | HP: 8/56 [poisoned by a worker ant]
  3930 | D:5      | HP: 7/56 [poisoned by a worker ant]
  3938 | D:5      | HP: 7/56 [poisoned by a worker ant]
  4723 | D:5      | Found a staircase to the Ecumenical Temple.
  4755 | D:5      | Reached XP level 7. HP: 62/62 MP: 6/6
  4985 | D:5      | Reached skill level 6 in Axes
  4985 | D:5      | Reached skill level 5 in Armour
  5184 | D:6      | Reached skill level 6 in Fighting
  5187 | D:6      | Reached skill level 5 in Dodging
  5395 | D:6      | Reached skill level 7 in Axes
  5606 | D:6      | Reached XP level 8. HP: 53/71 MP: 7/7
  6009 | D:7      | Reached skill level 6 in Armour
  6014 | D:7      | Reached *** piety under Trog
  6018 | D:7      | Reached skill level 8 in Axes
  6141 | D:7      | Reached skill level 7 in Fighting
  6390 | D:7      | Reached skill level 6 in Dodging
  6631 | D:7      | Reached skill level 9 in Axes
  6840 | D:7      | Found a burning altar of Makhleb.
  6873 | D:8      | Reached XP level 9. HP: 72/79 MP: 8/8
  6964 | D:8      | Found Gideyram's Antique Weapon Shop.
  7051 | D:8      | Reached skill level 7 in Armour
  7069 | D:8      | Paralysed by a hornet for 3 turns
  7070 | D:8      | HP: 29/118 [hippogriff (6)]
  7071 | D:8      | HP: 10/118 [hornet (5)]
  7074 | D:8      | Slain by a hornet

Skill      XL: |  1  2  3  4  5  6  7  8  9 |
---------------+----------------------------+-----
Fighting       | 4 5 6 7 |  7.8
Axes           | 4 5 7 9 |  9.7
Armour         | 3 4 5 6 7 |  7.4
Dodging        | 3 4 5 6 |  6.7

Action                   |  1- 3 |  4- 6 |  7- 9 || total
-------------------------+-------+-------+-------++-------
Melee: Hand axe          |    73 |   101 |   173 ||   347
       Headbutt          |    12 |    14 |    37 ||    63
Invok: Berserk           |     1 |     2 |     5 ||     8
       Burn Spellbooks   |       |       |     1 ||     1
  Use: Potion            |     2 |       |       ||     2
 Stab: Sleeping          |     2 |     1 |       ||     3
  Eat: Chunk             |     3 |     5 |    11 ||    19
       Bread ration      |       |     1 |       ||     1
       Royal jelly       |       |     1 |       ||     1
Armor: Animal skin       |    14 |     9 |       ||    23
       Shadow dragon sca |       |    18 |   123 ||   141
Dodge: Dodged            |    38 |    68 |    94 ||   200

Vault maps used:
D:1:      dpeg_arrival_tiny_e
D:3:      first_bread, serial_forest, infiniplex_forest_end_3,
          infiniplex_forest_fountain, infiniplex_forest_clump_cross,
          infiniplex_forest_clump_double, infiniplex_forest_straight_2,
          infiniplex_forest_lined_2, infiniplex_forest_straight_4,
          infiniplex_forest_clump_large, infiniplex_forest_lined_2,
          infiniplex_forest_zigzag_2
D:4:      portal_sewer_entry_f
D:5:      temple_green
D:7:      bloody_makhleb
D:8:      serial_shops, shop, special_room, hangedman_pestilent_swarm,
          minmay_shop_grid_forest, bloody_trog

Table legend:
 A = Turns spent in this place as a percentage of turns spent in the entire game.
 B = Non-inter-level travel turns spent in this place as a percentage of non-inter-level travel turns spent in the entire game.
 C = Inter-level travel turns spent in this place as a percentage of turns spent in this place.
 D = Turns resting spent in this place as a percentage of non-inter-level travel turns spent in this place.
 E = Turns spent auto-exploring this place as a percentage of non-inter-level travel turns spent in this place.
 F = Non-inter-level travel turns spent in this place divided by the number of levels of this place that you've seen.
                   A       B       C       D       E      F
               +-------+-------+-------+-------+-------+----------------------
         Total | 100.0 | 100.0 |   0.7 |   7.0 |  13.8 | 141.2
       Dungeon | 100.0 | 100.0 |   0.7 |   7.0 |  13.8 | 141.2
               +-------+-------+-------+-------+-------+----------------------

Table legend:
 A = Kills in this place as a percentage of kills in entire the game.
 B = Kills by you in this place as a percentage of kills by you in the entire game.
 C = Kills by friends in this place as a percentage of kills by friends in the entire game.
 D = Other kills in this place as a percentage of other kills in the entire game.
 E = Experience gained in this place as a percentage of experience gained in the entire game.
 F = Experience gained in this place divided by the number of levels of this place that you have seen.
                   A       B       C       D       E      F
               +-------+-------+-------+-------+-------+----------------------
         Total | 100.0 | 100.0 |  -nan |  -nan | 100.0 | 443.9
       Dungeon | 100.0 | 100.0 |  -nan |  -nan | 100.0 | 443.9
               +-------+-------+-------+-------+-------+----------------------
